 Dungeon Sprint DCSS version 0.30-a0-534-gdc55766716 (webtiles) character file.

Game seed: 8454073898137707362

142 rocky1 the Carver (level 5, -2/44 HPs)
             Began as a Merfolk Gladiator on Dec 25, 2022.
             Slain by a shadow (9 damage)
             ... in the Dungeon (Sprint III: "The Ten Rune Challenge").
             The game lasted 00:01:08 (370 turns).

rocky1 the Carver (Merfolk Gladiator)                Turns: 370, Time: 00:01:09

Health: -2/44      AC:  6    Str: 14    XL:     5   Next: 24%
Magic:  5/5        EV: 14    Int:  8    God:
Gold:   29         SH:  0    Dex: 17    Spells: 4/4 levels left

rFire   . . .      SeeInvis .    a - +0 long sword
rCold   . . .      Faith    .    (no shield)
rNeg    . . .      Spirit   .    l - +0 ring mail
rPois   .          Reflect  .    c - +0 helmet
rElec   .          Harm     .    (no cloak)
rCorr   .          Rampage  .    (no gloves)
Will    .....      NoTele   +    (no boots)
Stlth   +                        (no amulet)
HPRegen 0.27/turn                (no ring)
MPRegen 0.09/turn                (no ring)

@: no status effects
A: (nimble swimmer 2), mertail
a: no special abilities


You were in the Dungeon.
You visited 1 branch You collected 29 gold pieces.

Inventory:

Hand Weapons
 a - a +0 long sword (weapon)
Missiles
 d - 2 throwing nets (quivered)
Armour
 b - a +0 leather armour
 c - a +0 helmet (worn)
 l - a +0 ring mail (worn)
Scrolls
 k - 2 scrolls of blinking
 n - a scroll of poison {unknown}
 p - a scroll of torment {unknown}
 q - 2 scrolls of identify
Potions
 f - a potion of curing
 g - a potion of heal wounds
 h - 2 potions of haste
 i - 2 potions of magic
 m - 3 potions of mutation {unknown}
 o - 4 potions of flight


   Skills:
 + Level 5.3 Fighting
 * Level 8.4 Long Blades
 - Level 2.0 Throwing
 + Level 3.1 Armour
 + Level 7.1 Dodging


You had 4 spell levels left.
You didn't know any spells.
Your spell library was empty.

Dungeon Overview and Level Annotations

Branches:
Dungeon (1/1)

Altars:


Innate Abilities, Weirdness & Mutations

((You are very nimble when in or above water. (Stealth+, EV+, Speed+++)))
Your lower body shifts to a powerful aquatic tail in water.


Message History

You kill the jelly!
Your Long Blades skill increases to level 8!
Your Armour skill increases to level 3!
Your Dodging skill increases to level 7!
You have reached level 5!
You feel clever.
As you close the door, it creaks loudly!
You start resting.
You are no longer corroded.
You start resting.
HP restored.
You open the door.
A shadow comes into view.
There is an open door here.
You hit the shadow.
The shadow is lightly damaged.
The shadow hits you.
You hit the shadow but do no damage.
The shadow is lightly damaged.
The shadow hits you.
You hit the shadow.
The shadow is moderately damaged.
The shadow closely misses you.
You hit the shadow.
The shadow is heavily damaged.
The shadow hits you!
You hit the shadow.
The shadow is almost destroyed.
The shadow slips into darkness.
The shadow flickers and vanishes!
Deactivating autopickup; reactivate with Ctrl-A.
You closely miss something.
The shadow strikes at you from the darkness!
Ouch! That really hurt!
* * * LOW HITPOINT WARNING * * *
Reactivating autopickup.
You hit the shadow.
The shadow is almost destroyed.
The shadow hits you!
You die...

▓▓▓ ♣.# ♣♣.# ♣
♣..#
♣♣♣♣..###+#+###+##
...♣..#..........#
~.♣♣..'.⌠........#
~~~...#...######@#
~~....#.⌠.# #.W.#
~.....#...# #...#
......#+### #...#
......# #...+
......# +..(#
▓▓▓▓▓▓▓ ▓▓▓▓▓


You could see a shadow.

Vanquished Creatures
  A water elemental (D)
  A jelly (D)
  Jessica (D)
  A human (D)
  A phantom (D)
  3 rats (D)
8 creatures vanquished.

Notes
Turn   | Place    | Note
-------+----------+-------------------------------------------
     0 | D        | rocky1 the Merfolk Gladiator began the quest for the Orb.
     0 | D        | Reached XP level 1. HP: 16/16 MP: 1/1
     8 | D        | Reached skill level 4 in Long Blades
    26 | D        | Noticed Jessica
    31 | D        | Killed Jessica
    32 | D        | Reached skill level 5 in Long Blades
    32 | D        | Reached skill level 1 in Armour
    32 | D        | Reached skill level 5 in Dodging
    32 | D        | Reached XP level 2. HP: 18/24 MP: 2/2
    32 | D        | Reached XP level 3. HP: 22/29 MP: 3/3
    85 | D        | Reached skill level 6 in Long Blades
   169 | D        | Noticed a water elemental
   174 | D        | Killed a water elemental
   175 | D        | Reached skill level 5 in Fighting
   175 | D        | Reached skill level 7 in Long Blades
   175 | D        | Reached XP level 4. HP: 37/39 MP: 4/4
   237 | D        | Reached skill level 8 in Long Blades
   237 | D        | Reached XP level 5. HP: 10/44 MP: 5/5
   363 | D        | Noticed a shadow
   370 | D        | Slain by a shadow

Illustrated notes

Levels and vault maps discovered:
D:        dungeon_sprint_mu [sprint_mu_entry_forest, sprint_mu_temple_rooms,
          sprint_mu_d1_horrors, sprint_mu_d2_genie, sprint_mu_d3_branching,
          sprint_mu_orc_legion, sprint_mu_elf_gauntlet, sprint_mu_hive_nellie,
          sprint_mu_lair_fedhas, sprint_mu_vaults_butterflies,
          sprint_mu_slime_circle, sprint_mu_swamp_cave, sprint_mu_shoals_kraken,
          sprint_mu_blade_basic, sprint_mu_crypt_fortress,
          sprint_mu_tomb_spiral, sprint_mu_vestibule_basic,
          sprint_mu_gehenna_hellfire, sprint_mu_dis_giant,
          sprint_mu_tartarus_statrot, sprint_mu_cocytus_islands, sprint_mu_zot1]

Skill      XL: |  1  2  3  4 |
---------------+-------------+-----
Long Blades    | 5 7 8 |  8.4
Fighting       | 3 5 |  5.3
Armour         | 1 2 3 |  3.1
Dodging        | 5 6 7 |  7.1
Throwing       | |  2.0

Action                   |  1- 3 |  4- 6 || total
-------------------------+-------+-------++-------
Melee: Long sword        |    27 |    14 ||    41
       Punch             |     2 |       ||     2
Throw: Throwing net      |     3 |       ||     3
       Javelin           |       |     1 ||     1
  Use: Potion            |     1 |       ||     1
 Stab: Held in net/web   |     1 |       ||     1
Armor: Ring mail         |     5 |     2 ||     7
Dodge: Dodged            |    13 |     5 ||    18

Table legend: (Time is in decaauts)
 A = Elapsed time spent in this place.
 B = Non-inter-level travel time spent in this place.
 C = Inter-level travel time spent in this place.
 D = Time resting spent in this place.
 E = Time spent auto-exploring this place.
 F = Levels seen in this place.
 G = Mean time per level.
                   A        B        C        D        E       F      G
               +--------+--------+--------+--------+--------+-----+--------+
         Total |    379 |    379 |      0 |    208 |      1 |   1 |  379.0 |
       Dungeon |    379 |    379 |      0 |    208 |      1 |   1 |  379.0 |
               +--------+--------+--------+--------+--------+-----+--------+

Top non-repeatable levels by time:
       D: 379 daAuts
